 Dungeon Crawl Stone Soup version 0.25-a0-398-g1920f1ac21 (console) character file.

Game seed: 5839268762508165307, levelgen mode: deterministic

143 Ignak the Magician (level 5, -4/41 HPs)
             Began as a Gnoll Wizard on Jan 8, 2020.
             Slain by an ice beast (8 damage)
             ... on level 4 of the Dungeon.
             The game lasted 00:12:07 (2843 turns).

Ignak the Magician (Gnoll Wizard)                   Turns: 2843, Time: 00:12:11

Health: -4/41      AC:  7    Str:  9    XL:     5   Next: 25%
Magic:  8/14       EV: 14    Int: 21    God:
Gold:   168        SH:  0    Dex: 14    Spells: 7/18 levels left

rFire    . . .     SeeInvis .   e - +0 club
rCold    . . .     Gourm    .   (no shield)
rNeg     . . .     Faith    .   a - +0 robe
rPois    .         Spirit   .   b - +0 hat
rElec    .         Reflect  .   (no cloak)
rCorr    .         Harm     .   (no gloves)
MR       .....                  n - +1 pair of boots
Stlth    +++.......             (no amulet)
HPRegen  0.13/turn              (no ring)
MPRegen  0.14/turn              (no ring)

@: no status effects
A: distributed training, fangs 1, iridescent scales 1, rugged brown scales 1,
robust 1, strong nose
a: no special abilities


You were on level 4 of the Dungeon.
You were not hungry.

You visited 1 branch of the dungeon, and saw 6 of its levels.

You collected 168 gold pieces.

Inventory:

Hand Weapons
 e - a +0 club (weapon)
Armour
 a - a +0 robe (worn)
 b - a +0 hat (worn)
 c - a +0 pair of gloves
 n - a +1 pair of boots (worn)
Wands
 f - a wand of flame (19)
 o - a wand of paralysis (7)
Scrolls
 g - 2 scrolls of identify
 i - 3 scrolls of teleportation
 t - 2 scrolls of remove curse
Potions
 m - a potion of curing
Comestibles
 d - 4 rations


   Skills:
 + Level 1.4 Fighting
 + Level 1.4 Short Blades
 + Level 1.4 Long Blades
 + Level 1.4 Axes
 + Level 1.4 Maces & Flails
 + Level 1.4 Polearms
 + Level 1.4 Staves
 + Level 1.4 Slings
 + Level 1.4 Bows
 + Level 1.4 Crossbows
 + Level 1.4 Throwing
 + Level 1.4 Armour
 + Level 4.7 Dodging
 + Level 4.3 Stealth
 + Level 1.4 Shields
 + Level 1.4 Unarmed Combat
 + Level 7.2 Spellcasting
 + Level 2.3 Conjurations
 + Level 1.1 Hexes
 + Level 1.1 Charms
 + Level 2.3 Summonings
 + Level 1.1 Necromancy
 + Level 2.3 Translocations
 + Level 1.1 Transmutations
 + Level 1.1 Fire Magic
 + Level 1.1 Ice Magic
 + Level 1.1 Air Magic
 + Level 1.1 Earth Magic
 + Level 1.1 Poison Magic
 + Level 1.5 Invocations
 + Level 1.4 Evocations


You had 7 spell levels left.
You knew the following spells:

 Your Spells              Type           Power        Failure   Level  Hunger
a - Magic Dart            Conj           ###.         3%          1    None
b - Blink                 Tloc           N/A          4%          2    None
c - Conjure Flame         Conj/Fire      ###.....     13%         3    None
d - Mephitic Cloud        Conj/Pois/Air  ##......     14%         3    None
e - Call Imp              Summ           ###.....     4%          2    None

Your spell library contained the following spells:

 Spells                   Type           Power        Failure   Level  Hunger
 Slow                     Hex            ##......     9%          2    None


Dungeon Overview and Level Annotations

Branches:
Dungeon (6/15)
 Temple: D:4-7

Altars:
Dithmenos

Annotations:
D:2 2 transporters


Innate Abilities, Weirdness & Mutations

Your experience applies equally to all skills.
You have very sharp teeth.
Your uncanny sense of smell can sniff out nearby items.
You are partially covered in iridescent scales. (AC +2)
You are partially covered in rugged brown scales. (AC +1, +3% HP)
You are robust. (+10% HP)


Message History

The fire ignites!
You are engulfed in blazing flames.
Ouch! That really hurt!
* * * LOW HITPOINT WARNING * * *
Okay, then.
Evoke which item? (* to show all) (? for menu, Esc to quit)
Aiming: Paralyse
Press: ? - help, Shift-Dir - straight line, f - ice beast
Aim: an ice beast (moderately wounded, chance to defeat MR: 50%)
The ice beast suddenly stops moving!
The helpless ice beast fails to defend itself.
You hit the ice beast but do no damage.
The ice beast is lightly wounded.
The helpless ice beast fails to defend itself.
You hit the ice beast but do no damage.
You bite the ice beast, but do no damage.
The ice beast is lightly wounded.
The ice beast is no longer paralysed.
The ice beast hits you.
* * * LOW HITPOINT WARNING * * *
The ice beast freezes you!
You die...

..###### #......∆
##$....# ......#∆
#..<.. ∆ ...#
###############.##
+....Y@........>.#
#############.##.#
#.# .# #.# .. ∆
#.# ### ..# ... ∆
...


You could see an ice beast.

Vanquished Creatures
  An orc wizard (D:6)
  A worm (D:2)
  A dart slug (D:1)
  A leopard gecko (D:2)
  2 orcs
  A giant cockroach (D:3)
  4 goblins
  3 hobgoblins (D:1)
  4 kobolds
  A ball python (D:1)
  4 bats
  2 frilled lizards
  2 rats
27 creatures vanquished.

Vanquished Creatures (collateral kills)
  Blork the orc (D:5)
  A crimson imp (D:6)
  A worm (D:2)
  A dart slug (D:1)
  2 leopard geckos (D:1)
  5 orcs
  A goblin (D:2)
  4 hobgoblins
  2 jackals (D:2)
  A frilled lizard (D:1)
  2 kobolds
21 creatures vanquished.

Grand Total: 48 creatures vanquished

Notes
Turn   | Place    | Note
-------+----------+-------------------------------------------
     0 | D:1      | Ignak the Gnoll Wizard began the quest for the Orb.
     0 | D:1      | Reached XP level 1. HP: 13/13 MP: 8/8
   181 | D:1      | Reached XP level 2. HP: 14/19 MP: 5/10
   192 | D:1      | Learned a level 2 spell: Blink
   195 | D:1      | Learned a level 2 spell: Call Imp
  1088 | D:2      | Reached XP level 3. HP: 12/25 MP: 2/11
  1093 | D:2      | Learned a level 3 spell: Mephitic Cloud
  1097 | D:2      | Learned a level 3 spell: Conjure Flame
  1400 | D:2      | Found a shadowy altar of Dithmenos.
  1401 | D:2      | Noticed a hippogriff
  1401 | D:2      | Noticed a centaur
  1403 | D:2      | Found a transporter.
  1405 | D:2      | Noticed a centaur
  1417 | D:2      | Found a transporter.
  2211 | D:3      | Gained mutation: You are partially covered in iridescent
                  | scales. (AC +2) [potion of mutation]
  2211 | D:3      | Gained mutation: You are partially covered in rugged brown
                  | scales. (AC +1, +3% HP) [potion of mutation]
  2211 | D:3      | Gained mutation: You are robust. (+10% HP) [potion of
                  | mutation]
  2228 | D:3      | Reached skill level 1 in Invocations
  2330 | D:3      | You fall into a shaft and drop 3 floors!
  2331 | D:6      | Noticed a bullfrog
  2349 | D:6      | Noticed an ogre
  2380 | D:6      | Reached skill level 1 in Fighting
  2380 | D:6      | Reached skill level 1 in Short Blades
  2380 | D:6      | Reached skill level 1 in Long Blades
  2380 | D:6      | Reached skill level 1 in Axes
  2380 | D:6      | Reached skill level 1 in Maces & Flails
  2380 | D:6      | Reached skill level 1 in Polearms
  2380 | D:6      | Reached skill level 1 in Staves
  2380 | D:6      | Reached skill level 1 in Slings
  2380 | D:6      | Reached skill level 1 in Bows
  2380 | D:6      | Reached skill level 1 in Crossbows
  2380 | D:6      | Reached skill level 1 in Throwing
  2380 | D:6      | Reached skill level 1 in Armour
  2380 | D:6      | Reached skill level 1 in Shields
  2380 | D:6      | Reached skill level 1 in Unarmed Combat
  2380 | D:6      | Reached skill level 1 in Evocations
  2380 | D:6      | Reached XP level 4. HP: 35/36 MP: 4/13
  2386 | D:6      | Noticed a bullfrog
  2431 | D:5      | Entered Level 5 of the Dungeon
  2431 | D:5      | Noticed an ice beast
  2462 | D:5      | Noticed Blork the orc
  2488 | D:5      | Reached skill level 1 in Hexes
  2488 | D:5      | Reached skill level 1 in Charms
  2488 | D:5      | Reached skill level 1 in Necromancy
  2488 | D:5      | Reached skill level 1 in Transmutations
  2488 | D:5      | Reached skill level 1 in Fire Magic
  2488 | D:5      | Reached skill level 1 in Ice Magic
  2488 | D:5      | Reached skill level 1 in Air Magic
  2488 | D:5      | Reached skill level 1 in Earth Magic
  2488 | D:5      | Reached skill level 1 in Poison Magic
  2501 | D:5      | Killed Blork the orc
  2501 | D:5      | Reached XP level 5. HP: 6/41 MP: 2/14
  2843 | D:4      | Slain by an ice beast

Levels and vault maps discovered:
D:1:      dpeg_arrival_arbitrary_c, layout_basic, minmay_tetromino_o4
D:2:      layout_loops_ring, gammafunk_temple_overflow_arena, serial_forest,
          infiniplex_forest_end_2, infiniplex_forest_clump_medium,
          infiniplex_forest_lined_corner, infiniplex_forest_clump_cross,
          infiniplex_forest_clump_medium, infiniplex_forest_lined_2,
          infiniplex_forest_lined_room_3, infiniplex_forest_straight_2,
          infiniplex_forest_clump_double
D:3:      layout_loops_ring, marbit_many_paths, makhleb_blood_cavern_becter,
          xom_redecorated
D:4:      layout_basic, minmay_temple_entry_drinking_statues
D:5:      layout_loops_ring, kennysheep_mini_moat, gup_sewer_entry_pipe,
          first_ration, uniq_blork_the_orc, uniq_sigmund
D:6:      layout_loops_cross, eat_drink_and_be_merry_uskayaw,
          nicolae_overflow_hidden_temple, ebering_dispersal_statue_hall,
          uniq_pikel

Skill      XL: |  1  2  3  4 |
---------------+-------------+-----
Conjurations   | 2 |  2.3
Summonings     | 2 |  2.3
Translocations | 2 |  2.3
Invocations    | 1 |  1.5
Fighting       | 1 |  1.4
Short Blades   | 1 |  1.4
Long Blades    | 1 |  1.4
Axes           | 1 |  1.4
Maces & Flails | 1 |  1.4
Polearms       | 1 |  1.4
Staves         | 1 |  1.4
Slings         | 1 |  1.4
Bows           | 1 |  1.4
Crossbows      | 1 |  1.4
Throwing       | 1 |  1.4
Armour         | 1 |  1.4
Shields        | 1 |  1.4
Unarmed Combat | 1 |  1.4
Evocations     | 1 |  1.4
Hexes          | 1 |  1.1
Charms         | 1 |  1.1
Necromancy     | 1 |  1.1
Transmutations | 1 |  1.1
Fire Magic     | 1 |  1.1
Ice Magic      | 1 |  1.1
Air Magic      | 1 |  1.1
Earth Magic    | 1 |  1.1
Poison Magic   | 1 |  1.1
Dodging        | |  4.7
Stealth        | |  4.3
Spellcasting   | |  7.2

Action                   |  1- 3 |  4- 6 || total
-------------------------+-------+-------++-------
Melee: Unarmed           |    11 |       ||    11
       Club              |    65 |    12 ||    77
       Bite              |     5 |     2 ||     7
 Cast: Magic Dart        |    33 |       ||    33
       Call Imp          |    15 |    10 ||    25
       Mephitic Cloud    |       |     2 ||     2
       Conjure Flame     |       |     2 ||     2
       Blink             |       |     1 ||     1
Evoke: Wand              |       |     1 ||     1
  Use: Potion            |     4 |       ||     4
       Scroll            |       |    10 ||    10
 Stab: Sleeping          |     6 |       ||     6
       Distracted        |     1 |       ||     1
       Confused          |       |     1 ||     1
       Paralysed         |       |     2 ||     2
  Eat: Chunk             |     3 |       ||     3
       Ration            |       |     1 ||     1
Armor: Robe              |    17 |     3 ||    20
Dodge: Dodged            |    67 |    19 ||    86

Table legend:
 A = Non-vault XP
 B = Vault XP
 C = Vault XP percentage of total XP
 D = Non-vault monster count
 E = Vault monster count
 F = Vault count percentage of total count
                 A         B        C        D         E       F
            +---------+---------+-------+---------+---------+-------
      Total |     132 |      73 |  35.6 |      46 |       2 |   4.2
            +---------+---------+-------+---------+---------+-------
        D:1 |      31 |       1 |   3.1 |      18 |       1 |   5.3
        D:2 |      24 |       0 |   0.0 |      14 |       0 |   0.0
        D:3 |       7 |       0 |   0.0 |       5 |       0 |   0.0
        D:5 |      10 |      72 |  87.8 |       5 |       1 |  16.7
        D:6 |      60 |       0 |   0.0 |       4 |       0 |   0.0
            +---------+---------+-------+---------+---------+-------
